 Dungeon Crawl Stone Soup version 0.21.1-1-g345015fe64 (webtiles) character file.

148 Hercules1031 the Sneak (level 5, -4/45 HPs)
             Began as a Minotaur Assassin on June 9, 2018.
             Was a Follower of Uskayaw.
             Slain by an iron imp (9 damage)
             ... summoned by Xom
             ... on level 3 of the Dungeon.
             The game lasted 00:21:02 (2053 turns).

Hercules1031 the Sneak (Minotaur Assassin)          Turns: 2053, Time: 00:21:03

Health: -4/45      AC:  7    Str: 16      XL:     5   Next: 8%
Magic:  4/4        EV: 10    Int:  8      God:    Uskayaw [*.....]
Gold:   78         SH:  0    Dex: 15 (16) Spells: 4/4 levels left

rFire    . . .     SeeInvis .   a - +2 dagger
rCold    . . .     Gourm    .   (no shield)
rNeg     . . .     Faith    .   o - +0 scale mail
rPois    .         Spirit   .   (helmet unavailable)
rElec    .         Reflect  .   d - +0 cloak
rCorr    .         Harm     .   (no gloves)
MR       .....                  (no boots)
Stlth    +.........             (no amulet)
HPRegen  0.15/turn              h - +4 ring of dexterity
MPRegen  0.09/turn              (no ring)

@: slowed, very slow
A: retaliatory headbutt, horns 3, screaming 1
a: Stomp, Renounce Religion


You were on level 3 of the Dungeon.
You worshipped Uskayaw.
Uskayaw was noncommittal.
You were very full.

You visited 1 branch of the dungeon, and saw 3 of its levels.

You collected 78 gold pieces.

Inventory:

Hand Weapons
 a - a +2 dagger (weapon)
 b - a +0 blowgun
Missiles
 e - 16 poisoned needles (quivered)
 f - 2 curare-tipped needles
Armour
 c - a +0 robe
 d - a +0 cloak (worn)
 j - a +0 ring mail
 k - a +0 ring mail
 o - a +0 scale mail (worn)
Jewellery
 h - a +4 ring of dexterity (left hand)
Scrolls
 l - 2 scrolls of identify
Comestibles
 g - 2 rations


   Skills:
 * Level 3.2 Fighting
 * Level 3.5 Short Blades
 - Level 2.2 Throwing
 * Level 1.3 Armour
 - Level 1.5 Dodging
 + Level 4.3 Stealth


You had 4 spell levels left.
You didn't know any spells.

Dungeon Overview and Level Annotations

Branches:
Dungeon (3/15)

Altars:
Ashenzari
Elyvilon
Kikubaaqudgha
Ru
Uskayaw
Xom


Innate Abilities, Weirdness & Mutations

You reflexively headbutt those who attack you in melee.
You have a pair of large horns on your head.
You occasionally shout uncontrollably at your foes.


Message History

The quasit closely misses you.
The quasit claws you but does no damage.
The white imp hits you but does no damage.
The iron imp barely misses you. The shadow imp hits you.
* * * LOW HITPOINT WARNING * * *
The crimson imp misses you. You furiously retaliate!
You headbutt the crimson imp. The quasit misses you.
The quasit claws you but does no damage.
The quasit barely misses you.
You hit the quasit but do no damage.
The quasit is moderately wounded.
The white imp barely misses you. The quasit bites you.
* * * LOW HITPOINT WARNING * * *
You feel clumsy. The quasit misses you.
The quasit claws you but does no damage.
The shadow imp hits you but does no damage.
The crimson imp hits you but does no damage.
The iron imp hits you!
You die...

############
#..........#
#..........#
#...55.....#
#...@5.....#
###)55######
# #.#.# #.
###...# #.##
#....##
...##.#.##
#####.#..#.#
........##.##
# #....†...#


You could see an iron imp, a quasit, a crimson imp, a white imp and a shadow
imp.

Vanquished Creatures
  An orc wizard (D:3)
  An orc priest (D:3)
  An adder (D:3)
  3 worms
  2 dart slugs
  2 leopard geckos
  15 orcs (D:3)
  4 giant cockroaches
  2 goblins (D:3)
  2 hobgoblins (D:3)
  3 jackals
  4 kobolds
  2 bats
  4 frilled lizards
  9 rats
55 creatures vanquished.

Vanquished Creatures (others)
  A goblin (D:1)
1 creature vanquished.

Grand Total: 56 creatures vanquished

Notes
Turn   | Place    | Note
-------+----------+-------------------------------------------
     0 | D:1      | Hercules1031 the Minotaur Assassin began the quest for the Orb.
     0 | D:1      | Reached XP level 1. HP: 18/18 MP: 0/0
   332 | D:1      | Reached XP level 2. HP: 14/25 MP: 1/1
   727 | D:2      | Found a white marble altar of Elyvilon.
  1077 | D:2      | Found a shimmering altar of Xom.
  1081 | D:2      | Became a worshipper of Xom of Chaos
  1460 | D:2      | You fall through a shaft!
  1462 | D:3      | Found an ancient bone altar of Kikubaaqudgha.
  1464 | D:3      | Reached XP level 3. HP: 27/30 MP: 2/2
  1469 | D:3      | Reached skill level 4 in Stealth
  1496 | D:3      | Noticed a hand axe
  1497 | D:3      | Found a hide-covered altar of Uskayaw.
  1498 | D:3      | Noticed a dagger
  1509 | D:3      | Fell from the grace of Xom
  1509 | D:3      | Became a worshipper of Uskayaw the Reveler
  1612 | D:3      | Reached * piety under Uskayaw
  1614 | D:3      | Reached ** piety under Uskayaw
  1652 | D:3      | Found a shattered altar of Ashenzari.
  1761 | D:3      | Reached *** piety under Uskayaw
  1959 | D:3      | Reached XP level 4. HP: 34/38 MP: 3/3
  1960 | D:3      | Reached skill level 1 in Armour
  1960 | D:3      | Reached **** piety under Uskayaw
  1979 | D:3      | Found a sacrificial altar of Ru.
  2023 | D:3      | Reached XP level 5. HP: 38/45 MP: 4/4
  2047 | D:3      | XOM: summons 6 hostile demons
  2050 | D:3      | Gained mutation: You are covered in fur. (AC +1) [potion of mutation]
  2050 | D:3      | Lost mutation: You are covered in fur. (AC +1) [potion of mutation]
  2050 | D:3      | Gained mutation: You occasionally shout uncontrollably at your foes. [potion of mutation]
  2050 | D:3      | Gained mutation: You have a pair of large horns on your head. [potion of mutation]
  2053 | D:3      | Slain by an iron imp

Skill      XL: |  1  2  3  4 |
---------------+-------------+-----
Stealth        | 4 |  4.3
Fighting       | 3 |  3.2
Short Blades   | 3 |  3.5
Armour         | 1 |  1.3
Throwing       | |  2.2
Dodging        | |  1.5

Action                   |  1- 3 |  4- 6 || total
-------------------------+-------+-------++-------
Melee: Dagger            |    77 |    23 ||   100
       Headbutt          |    14 |     5 ||    19
 Fire: Blowgun           |    13 |       ||    13
  Use: Scroll            |     5 |       ||     5
       Potion            |     2 |     1 ||     3
 Stab: Sleeping          |     3 |       ||     3
       Paralysed         |     2 |     2 ||     4
  Eat: Ration            |     3 |       ||     3
Armor: Robe              |     9 |       ||     9
       Ring mail         |    10 |       ||    10
       Scale mail        |     8 |    25 ||    33
Dodge: Dodged            |    43 |    36 ||    79
